Map: 세룰리안 폴 - 래더

Players

Dark - Winner!

  • Race: Zerg Zerg
  • League: Grandmaster
  • Spawn Location: 7:00

llllllllllll (Trap)

  • Race: Protoss Protoss
  • League: Master
  • Spawn Location: 1:00

Event: IEM Season 13 - Katowice Server Qualifiers Asia 1

VOD

Have the link to the VOD?

Description

Time

  • Played on: Jan. 14, 2019, 7:11 a.m.
  • Length: 7:28

All games in this series

Show
View Real Time Build Order
Export as new Build Order

Dark Zerg - Winner!

Build Orders: Hatch First 

Get SALT Encoding   

  12  0:00  Drone  
  13  0:07  Drone  
  14  0:17  Overlord  
  14  0:20  Extractor  
  13  0:22  Drone  
  15  0:35  Drone x2  
  17  0:43  Drone  
  18  1:01  Drone  
  19  1:15  Drone  
  20  1:22  Extractor, Hatchery  
  20  1:23  Drone  
  20  1:24  Spawning Pool  
  18  1:29  Extractor  
  17  1:33  Drone  
  18  1:40  Drone  
  19  1:58  Drone  
  20  2:01  Overlord  
  20  2:11  Queen  
  20  2:14  Roach Warren  
  20  2:15  Zergling x2  
  22  2:20  Zergling x2  
  23  2:32  Zergling x2  
  23  2:34  Overlord  
  24  2:37  Burrow  
  24  2:53  Hatchery  
  24  2:55  Roach x2  
  27  3:00  Roach  
  31  3:05  Roach  
  31  3:15  Roach  
  33  3:25  Roach  
  35  3:30  Roach  
  37  3:35  Drone x4  
  43  3:41  Roach  
  43  3:49  Roach x3, Overlord  
  43  3:56  Roach  
  41  4:07  Roach  
  41  4:09  Roach x3  
  42  4:11  Roach x2  
  46  4:17  Roach  
  46  4:20  Roach  
  46  4:21  Queen, Roach x2, Drone x2  
  52  4:34  Overlord, Roach  
  52  4:36  Roach x2  
  54  4:41  Roach x2  
  54  4:43  Roach  
  56  4:45  Roach  
  56  4:46  Drone x2  
  56  4:51  Roach  
  56  4:53  Roach x3, Drone x3  
  56  4:54  Drone  
  60  5:01  Drone x2  
  60  5:04  Drone x2  
  60  5:06  Roach x3  
  64  5:11  Roach  
  64  5:15  Queen  
  64  5:16  Overlord  
  64  5:18  Roach x2  
  64  5:19  Overlord  
  66  5:29  Roach x4  
  60  5:37  Roach x2  
  60  5:38  Overlord, Metabolic Boost  
  60  5:39  Drone x4  
  60  5:40  Drone x3  
  67  5:44  Roach x2  
  67  5:50  Drone x2  
  67  5:51  Drone x2  
  67  5:52  Roach  
  69  5:57  Roach x4  
  69  5:58  Spore Crawler x2  
  69  5:59  Spore Crawler  
  69  6:00  Drone  
  69  6:01  Extractor, Drone x3  
  69  6:05  Roach x2  
  69  6:17  Overlord  
  69  6:18  Roach  
  67  6:19  Roach  
  67  6:20  Drone x4  
  67  6:24  Roach  
  67  6:30  Drone x2  
  67  6:31  Lair  
  67  6:32  Drone x4  
  69  6:34  Queen, Extractor x2  
  69  6:35  Extractor  
  69  6:38  Roach  
  68  6:40  Overlord  
  68  6:45  Hatchery  
  65  6:47  Zergling x2  
  65  6:48  Roach, Zergling x12  
  73  7:00  Zergling x2  
  73  7:01  Zergling x10  
  79  7:03  Roach  
  79  7:06  Zergling x2  
  79  7:07  Zergling x2  
  79  7:08  Drone x12  
  78  7:11  Zergling x10  
Show
View Real Time Build Order
Export as new Build Order

llllllllllll Protoss 

Build Orders: 1 Gate Expand, Oracle Opening 

Get SALT Encoding   

  12  0:00  Probe  
  13  0:12  Probe  
  14  0:19  Pylon  
  14  0:24  Probe  
  15  0:33  Probe  
  15  0:41  Probe  
  16  0:44  Gateway  
  17  0:51  Probe  
  17  0:53  Assimilator  
  18  1:02  Pylon  
  18  1:04  Probe  
  19  1:16  Probe  
  20  1:35  Nexus  
  20  1:46  Cybernetics Core  
  20  1:49  Probe  
  21  2:02  Probe  
  22  2:12  Assimilator  
  22  2:13  Adept  
  22  2:14  Probe  
  25  2:26  Probe  
  25  2:28  Pylon  
  26  2:34  Stargate  
  26  2:38  Probe  
  26  2:44  Stalker  
  29  2:45  Probe  
  29  2:50  Probe  
  29  2:51  Warp Gate  
  31  2:53  Probe  
  32  3:02  Probe  
  32  3:03  Probe  
  34  3:10  Assimilator  
  34  3:14  Probe  
  34  3:15  Probe  
  34  3:17  Oracle  
  36  3:26  Probe  
  37  3:27  Probe  
  37  3:33  Adept  
  42  3:35  Pylon  
  42  3:38  Probe  
  42  3:39  Probe  
  44  3:45  Gateway  
  44  3:50  Probe  
  44  3:51  Probe  
  48  4:02  Oracle, Shield Battery  
  46  4:05  Shield Battery  
  46  4:08  Shield Battery  
  46  4:19  Pylon  
  48  4:24  Probe x2  
  46  4:36  Probe x2  
  47  4:44  Shield Battery  
  45  4:48  Oracle  
  47  4:53  Stalker  
  47  4:57  Stalker  
  50  5:01  Probe x2  
  50  5:06  Pylon  
  52  5:13  Probe x2  
  51  5:21  Stalker  
  51  5:24  Stalker  
  51  5:25  Probe x2  
  54  5:40  Probe  
  54  5:42  Probe  
  54  5:43  Pylon  
  54  5:44  Pylon  
  54  5:48  Pylon  
  53  5:52  Probe  
  53  5:54  Probe  
  53  6:02  Shield Battery  
  52  6:05  Stalker  
  52  6:06  Probe  
  52  6:07  Probe  
  52  6:14  Stalker  
  52  6:17  Probe x2  
  53  6:25  Probe x2  
  56  6:37  Probe x2  
  58  6:45  Robotics Facility  
  58  6:47  Probe  
  58  6:49  Probe, Stalker  
  62  6:55  Probe  
  62  6:56  Pylon  
  63  7:01  Probe  
  63  7:04  Probe  
  62  7:13  Probe  
  58  7:19  Sentry  
  58  7:20  Sentry  

Tags
 
Add a new tag
Caveats
  • Supply blocks, unpowered buildings, or Contaminate may cause inaccurate times.
  • Supply counts are checked every 10 seconds.